 Dungeon Crawl Stone Soup version 0.17-a0-1575-g9a29ec8 (webtiles) character file.

340 mrath the Skirmisher (level 6, -10/56 HPs)
             Began as a Minotaur Fighter on July 26, 2015.
             Mangled by karlkraus's ghost (11 damage)
             ... on level 4 of the Dungeon.
             The game lasted 00:23:01 (3170 turns).

mrath the Skirmisher (Minotaur Fighter)             Turns: 3170, Time: 00:23:01

Health: -10/56     AC: 13    Str: 23    XL:     6   Next: 30%
Magic:  5/5        EV:  4    Int:  5    God:
Gold:   158        SH: 10    Dex:  9    Spells: 0 memorised, 5 levels left

rFire  . . .     SeeInvis .     a - +0 war axe
rCold  . . .     Clarity  .     t - +0 plate armour (curse)
rNeg   . . .     SustAt   +     c - +0 shield
rPois  .         Gourm    .     (helmet restricted)
rElec  .         Spirit   .     (no cloak)
rCorr  .         Warding  .     n - +0 pair of gloves
rMut   .         Stasis   .     (no boots)
MR     .....                    (no amulet)
Stlth  ..........               (no ring)
                                h - ring of sustain attributes

@: not resistant to hostile enchantments, extremely unstealthy
A: retaliatory headbutt, horns 2
a: no special abilities


You were on level 4 of the Dungeon.
You were not hungry.

You visited 1 branch of the dungeon, and saw 5 of its levels.

You collected 158 gold pieces.

Inventory:

Hand weapons
 a - a +0 war axe (weapon)
 f - a +0 spear
 m - a +0 morningstar
 u - a +0 whip
 v - a +2 trident of distortion
Missiles
 j - 121 stones
 l - 8 poisoned sling bullets
 p - 22 sling bullets
 x - 4 tomahawks (quivered)
Armour
 b - a troll hide {Purgy}
 c - a +0 shield (worn)
 n - a +0 pair of gloves (worn)
 t - a cursed +0 plate armour (worn)
Jewellery
 h - a ring of sustain attributes (left hand)
Scrolls
 i - 4 scrolls of identify
 k - a scroll of random uselessness {unknown}
 q - a scroll of magic mapping
 w - a scroll of amnesia {unknown}
 y - a scroll of blinking {unknown}
 z - a scroll of recharging {unknown}
 B - a scroll of remove curse {unknown}
Potions
 d - a potion of might
 g - a potion of magic {unknown}
 r - a potion of lignification {unknown}
 s - a potion of brilliance {unknown}
 A - 2 potions of degeneration {unknown}
Comestibles
 e - 6 bread rations


   Skills:
 + Level 5.4 Fighting
 + Level 4.3 Axes
 + Level 5.2 Armour
 + Level 5.3 Shields


You had 5 spell levels left.
You didn't know any spells.

Dungeon Overview and Level Annotations

Branches:
Dungeon (5/15)
 Temple: D:4-7

Altars:
Ashenzari
Gozag
Makhleb
Sif Muna

Annotations:
D:3 Sigmund
D:4 karlkraus's ghost, experienced MiFi


Innate Abilities, Weirdness & Mutations

You reflexively headbutt those who attack you in melee.
You have a pair of horns on your head.


Message History

You block karlkraus's ghost's attack.
The phantom blinks!
You see here 16 gold pieces.
A bat comes into view.
The bat hits you but does no damage. The bat hits you.
* * * LOW HITPOINT WARNING * * *
Karlkraus's ghost says, "You cannot hurt me!"
The bat hits you but does no damage.
You closely miss the bat. Your headbutt misses the bat.
You barely miss karlkraus's ghost. The bat hits you but does no damage.
Karlkraus's ghost hits you but does no damage.
You block the bat's attack. The bat hits you.
* * * LOW HITPOINT WARNING * * *
Karlkraus's ghost hits you!
* * * LOW HITPOINT WARNING * * *
You slash the bat!
You kill the bat!
You closely miss karlkraus's ghost. Karlkraus's ghost hits you!
You die...

##########
#.@†......
#W########
######W##
#......†#
#.####$.#
##.###.......#
#..........^.#
##.###>.$....#
#..!....#


You could see a phantom and karlkraus's ghost.

Vanquished Creatures
  Purgy (D:2)
  A hound (D:3)
  3 orc wizards (D:3)
  6 adders
  An ooze (D:3)
  3 worms
  2 giant geckos
  5 orcs (D:3)
  A ball python (D:2)
  8 bats
  3 giant cockroaches
  6 goblins
  11 hobgoblins
  3 kobolds
  3 giant newts
  3 rats
  2 bushes (D:1)
  A plant (D:1)
63 creatures vanquished.

Notes
Turn   | Place    | Note
--------------------------------------------------------------
     0 | D:1      | mrath the Minotaur Fighter began the quest for the Orb.
     0 | D:1      | Reached XP level 1. HP: 19/19 MP: 0/0
   343 | D:1      | Reached skill level 4 in Fighting
   783 | D:1      | Reached XP level 2. HP: 24/27 MP: 1/1
  1385 | D:2      | Reached XP level 3. HP: 33/33 MP: 2/2
  1389 | D:2      | Found a shattered altar of Ashenzari.
  1698 | D:2      | Reached XP level 4. HP: 41/41 MP: 3/3
  2057 | D:3      | Found an opulent altar of Gozag.
  2234 | D:3      | Noticed Purgy
  2270 | D:2      | Killed Purgy
  2270 | D:2      | Reached skill level 5 in Fighting
  2270 | D:2      | Reached XP level 5. HP: 36/48 MP: 4/4
  2458 | D:3      | Found a deep blue altar of Sif Muna.
  2506 | D:3      | Found a burning altar of Makhleb.
  2607 | D:3      | Reached skill level 5 in Armour
  2623 | D:3      | Reached skill level 5 in Shields
  2711 | D:3      | Noticed Sigmund
  2786 | D:3      | Reached XP level 6. HP: 56/56 MP: 5/5
  3000 | D:3      | You fall through a shaft!
  3016 | D:4      | Noticed karlkraus's ghost (experienced MiFi)
  3033 | D:5      | Entered Level 5 of the Dungeon
  3169 | D:4      | HP: 1/56 [karlkraus's ghost (12)]
  3170 | D:4      | Mangled by karlkraus's ghost

Vault maps used:
D:1:      minmay_arrival_solitary_statue, serial_forest,
          infiniplex_forest_clump_small, infiniplex_forest_clump_diagonal,
          infiniplex_forest_end_3, infiniplex_forest_lined_2,
          infiniplex_forest_zigzag_1, infiniplex_forest_clump_diagonal,
          minmay_misc_feat_doors, minmay_misc_feat_hallway
D:2:      nicolae_ashenzari_panopticon
D:3:      nicolae_gozag_seed_capital, lemuel_doored_altar,
          lightli_temple_of_fire, uniq_purgy, uniq_natasha, uniq_sigmund,
          uniq_grinder
D:4:      uniq_edmund
D:5:      grunt_dithmenos_shadows, minmay_temple_entry_large_hall, first_bread

Action                   |  1- 3 |  4- 6 || total
-------------------------+-------+-------++-------
Melee: War axe           |   198 |   104 ||   302
Throw: Tomahawk          |       |    13 ||    13
       Stone             |       |     3 ||     3
  Use: Scroll            |       |     2 ||     2
  Eat: Chunk             |     3 |     5 ||     8
